[Event "Titled Tuesday Blitz December 20 Early 2022"]
[White "sergeikim"]
[Black "emeli_chess"]
[WhiteElo "2606"]
[BlackElo "2405"]
[Result "1-0"]
[Round "05"]
[TimeControl "180+2"]
[Date "2022.12.20"]
[WhiteClock "0:00:10"]
[BlackClock "0:00:10"]

1. d4 Nf6 2. c4 e6 3. Nc3 Bb4 4. Qc2 c5 5. dxc5 Na6 6. Nf3 Nxc5 7. Bd2 O-O 8. e3 d5 9. Be2 dxc4 10. Bxc4 a6 11. O-O b5 12. Be2 Bb7 13. Rfd1 Qc7 14. Rac1 Rac8 15. Nxb5 Qa5 16. Nd6 Bxd2 17. Qxd2 Qxd2 18. Nxd2 Rcd8 19. Nxb7 Nxb7 20. Bxa6 Nd6 21. Be2 Rb8 22. b3 Rfd8 23. Nc4 Nb5 24. Kf1 Nd5 25. Ne5 Nbc3 26. Nc6 Nxd1 27. Rxd1 Rdc8 28. Nxb8 Rxb8 29. Rc1 Kf8 30. Bf3 Nb4 31. a3 Nd3 32. Rc3 Ne5 33. b4 Ke7 34. Ke2 Kd6 35. Be4 f5 36. Bc2 g5 37. h3 h5 38. f4 gxf4 39. exf4 Nd7 40. Rd3+ Kc7 41. Bb3 Rb6 42. Rc3+ Kd6 43. Re3 Ke7 44. Kf3 Nf6 45. g3 Ne4 46. Bc2 Nd6 47. Bb3 Ne4 48. g4 hxg4+ 49. hxg4 Kf6 50. g5+ Ke7 51. Rd3 Rc6 52. b5 Rc1 53. a4 Rb1 54. a5 Rxb3 55. Rxb3 Nd2+ 56. Kg3 Nxb3 57. a6 Nc5 58. a7 Ne4+ 59. Kh2 Nd6 60. a8=Q Nxb5 61. Qb7+ Nc7 62. Qxc7+ Kf8 63. Qe5 Kf7 64. Qf6+ Ke8 65. Qxe6+ Kf8 66. g6 Kg7 67. Qf7+ Kh6 68. Qh7# 1-0


[Site "https://www.chess.com"]

[Event "Titled Tuesday Blitz December 20 Early 2022"]
[White "severomorskij"]
[Black "dropstoneDP"]
[WhiteElo "2844"]
[BlackElo "3038"]
[Result "1/2-1/2"]
[Round "05"]
[TimeControl "180+2"]
[Date "2022.12.20"]
[WhiteClock "0:01:05"]
[BlackClock "0:02:19"]

1. d4 Nf6 2. c4 g6 3. Nc3 d5 4. cxd5 Nxd5 5. e4 Nxc3 6. bxc3 Bg7 7. Nf3 c5 8. Bb5+ Nc6 9. O-O O-O 10. Bxc6 bxc6 11. Qc2 Qa5 12. a4 Rd8 13. Ba3 cxd4 14. cxd4 Bg4 15. Bxe7 Bxf3 16. Bxd8 Qxd8 17. gxf3 Bxd4 18. Rad1 Qg5+ 19. Kh1 Qf4 20. Rxd4 Qxf3+ 21. Kg1 Qg4+ 22. Kh1 Qf3+ 23. Kg1 Qg4+ 24. Kh1 Qf3+ 1/2-1/2


[Site "https://www.chess.com"]

[Event "Titled Tuesday Blitz December 20 Early 2022"]
[White "stollenmonster"]
[Black "Etoilegeniale"]
[WhiteElo "2932"]
[BlackElo "2593"]
[Result "1-0"]
[Round "05"]
[TimeControl "180+2"]
[Date "2022.12.20"]
[WhiteClock "0:00:56"]
[BlackClock "0:00:03"]

1. e4 d6 2. g3 Nf6 3. Bg2 c5 4. Ne2 g6 5. h3 Bg7 6. d4 cxd4 7. Nxd4 O-O 8. O-O Nc6 9. Ne2 Bd7 10. Nbc3 Rc8 11. a4 a6 12. Nd5 Nxd5 13. exd5 Ne5 14. Ra2 b5 15. axb5 axb5 16. b3 Be8 17. Be3 Nd7 18. Nd4 Nf6 19. Qe2 b4 20. Qd2 Rb8 21. Ra7 Bd7 22. Re1 Qc8 23. Nc6 Bxc6 24. dxc6 d5 25. Bf4 Rb6 26. c7 e6 27. Rea1 Nd7 28. Ra8 Qxa8 29. Rxa8 Rxa8 30. Bxd5 exd5 31. Qxd5 Rba6 32. Qxd7 1-0


[Site "https://www.chess.com"]

[Event "Titled Tuesday Blitz December 20 Early 2022"]
[White "tdf98pantani"]
[Black "viditchess"]
[WhiteElo "2734"]
[BlackElo "2986"]
[Result "1-0"]
[Round "05"]
[TimeControl "180+2"]
[Date "2022.12.20"]
[WhiteClock "0:00:54"]
[BlackClock "0:00:21"]

1. e4 c5 2. Nf3 d6 3. d4 cxd4 4. Nxd4 Nf6 5. Nc3 a6 6. Be2 e6 7. O-O Be7 8. f4 O-O 9. Kh1 Qc7 10. g4 b5 11. g5 Nfd7 12. a3 Nc6 13. Nxc6 Qxc6 14. Bf3 Bb7 15. Bg2 Rfe8 16. f5 Bf8 17. f6 g6 18. h4 h5 19. Ne2 Ne5 20. Ng3 Ng4 21. Bf3 d5 22. Bxg4 hxg4 23. Qxg4 Bd6 24. h5 Bxg3 25. hxg6 Rec8 26. Qh5 1-0


[Site "https://www.chess.com"]

[Event "Titled Tuesday Blitz December 20 Early 2022"]
[White "temiksmozg"]
[Black "Rincon Zapatero, Alejandro"]
[BlackFideId "2288850"]
[WhiteElo "2549"]
[BlackElo "1752"]
[Result "0-1"]
[Round "05"]
[TimeControl "180+2"]
[Date "2022.12.20"]
[WhiteClock "0:00:03"]
[BlackClock "0:01:07"]

1. e4 c5 2. Nf3 g6 3. c3 Bg7 4. d4 cxd4 5. cxd4 d5 6. e5 Bg4 7. Nc3 a6 8. Qb3 Bxf3 9. gxf3 Nc6 10. Be3 e6 11. Qxb7 Nge7 12. Qb3 O-O 13. Be2 Nf5 14. Rd1 Rb8 15. Qa3 Qh4 16. O-O Ncxd4 17. f4 Nc2 18. Qc5 d4 19. Bxd4 Ncxd4 20. Rxd4 Nxd4 21. Qxd4 Rfd8 22. Qe3 Bh6 23. Qg3 Qxf4 24. Bf3 Qxg3+ 25. hxg3 Rxb2 26. Ne4 Bg7 27. Nc5 Bxe5 28. Rc1 Rc8 0-1


[Site "https://www.chess.com"]

[Event "Titled Tuesday Blitz December 20 Early 2022"]
[White "tylityli"]
[Black "Butterfly"]
[WhiteElo "2334"]
[BlackElo "2536"]
[Result "0-1"]
[Round "05"]
[TimeControl "180+2"]
[Date "2022.12.20"]
[WhiteClock "0:00:01"]
[BlackClock "0:00:23"]

1. d4 Nf6 2. c4 e6 3. Nc3 Bb4 4. e3 O-O 5. Ne2 Re8 6. a3 Bf8 7. d5 c6 8. g3 b6 9. Bg2 Bb7 10. O-O exd5 11. cxd5 c5 12. e4 d6 13. Bf4 Na6 14. Qc2 Nc7 15. a4 g6 16. Rfe1 Na6 17. Nb5 Nb4 18. Qb1 a6 19. Na3 b5 20. Nc3 bxa4 21. Nxa4 Rb8 22. Nc4 a5 23. Nc3 Ba6 24. Nxa5 Bd3 25. Qd1 Bc2 26. Qd2 Qc7 27. Nc6 Nxc6 28. dxc6 Bb3 29. Nd5 Nxd5 30. exd5 Bg7 31. Rxe8+ Rxe8 32. Re1 Rb8 33. Bh3 Bc4 34. Bd7 h5 35. Re8+ Rxe8 36. Bxe8 Bd4 37. Bd7 Bxd5 38. Qe1 Be5 39. Bxe5 dxe5 40. f4 e4 41. Qc3 Bxc6 42. Bxc6 Qxc6 43. Qe5 c4 44. Kf2 Qb6+ 45. Ke2 e3 46. Kf3 Qb3 47. f5 Qd3 48. fxg6 e2+ 49. Kf2 fxg6 50. Qxe2 Qd4+ 0-1


[Site "https://www.chess.com"]

[Event "Titled Tuesday Blitz December 20 Early 2022"]
[White "von Klitzing, Ole"]
[Black "Aza, Saulo"]
[WhiteFideId "34618821"]
[BlackFideId "4410394"]
[WhiteElo "1564"]
[BlackElo "1667"]
[Result "0-1"]
[Round "05"]
[TimeControl "180+2"]
[Date "2022.12.20"]
[WhiteClock "0:00:02"]
[BlackClock "0:00:05"]

1. Nf3 Nf6 2. c4 c5 3. Nc3 b6 4. g3 Bb7 5. Bg2 g6 6. O-O Bg7 7. b3 d5 8. cxd5 Nxd5 9. Bb2 O-O 10. Qc1 Nb4 11. a3 N4c6 12. d3 Qd7 13. Rd1 Na6 14. Qf4 Rac8 15. Rab1 Rfd8 16. Ba1 e5 17. Qh4 Nd4 18. Nxd4 Bxg2 19. Kxg2 exd4 20. Ne4 Qc6 21. Kg1 Re8 22. b4 Nc7 23. bxc5 bxc5 24. Rdc1 Na6 25. Rc4 f5 26. Ng5 h6 27. Nf3 Rxe2 28. Nxd4 Bxd4 29. Bxd4 g5 30. Qh5 Qe6 31. Be3 Rxe3 32. fxe3 Qxe3+ 33. Kh1 Qe6 34. Qf3 Rd8 35. Rf1 Rd5 36. Qf2 Qc6 37. Qg2 Qd6 38. h3 Nc7 39. Rc2 Ne6 40. Rcf2 Nd4 41. Kh2 Kg7 42. Re1 h5 43. Kh1 Kg6 44. Rb2 Re5 45. Rxe5 Qxe5 46. Rb7 Qe1+ 47. Kh2 Qe3 48. Rc7 Nf3+ 49. Qxf3 Qxf3 0-1


[Site "https://www.chess.com"]

[Event "Titled Tuesday Blitz December 20 Early 2022"]
[White "vovachesss"]
[Black "Balasch Peries, Eduard"]
[BlackFideId "32067372"]
[WhiteElo "2756"]
[BlackElo "1671"]
[Result "1/2-1/2"]
[Round "05"]
[TimeControl "180+2"]
[Date "2022.12.20"]
[WhiteClock "0:00:04"]
[BlackClock "0:00:05"]

1. e4 e5 2. Nf3 Nc6 3. Nc3 Nf6 4. Bb5 Bb4 5. O-O O-O 6. d3 d6 7. Bxc6 bxc6 8. Ne2 Re8 9. Ng3 d5 10. Qe2 Bd6 11. Bg5 h6 12. Bd2 Bd7 13. h3 Nh7 14. Nf5 Bxf5 15. exf5 Nf6 16. Nh2 Qd7 17. Ng4 Qxf5 18. Bxh6 Nxg4 19. hxg4 Qh7 20. Bd2 e4 21. g3 exd3 22. Qxd3 Qxd3 23. cxd3 Re2 24. Rad1 c5 25. Rfe1 Rae8 26. Rxe2 Rxe2 27. Kf1 Re8 28. b3 Ra8 29. Ba5 Rb8 30. Re1 f6 31. Bd2 Kf7 32. g5 f5 33. Bf4 Rb4 34. Bd2 Rb8 35. Ke2 Ra8 36. Ba5 Rb8 37. Kf3 Rb5 38. Bd2 a5 39. Re2 g6 40. g4 fxg4+ 41. Kxg4 a4 42. bxa4 Rb2 43. Kf3 Rxa2 44. a5 c6 45. Be3 Rxa5 46. Rb2 Ra3 47. Rb6 Ke6 48. Rxc6 Rxd3 49. Ke2 Rc3 50. Bf4 Rc2+ 51. Kf3 Kf5 52. Bxd6 Rc3+ 53. Ke2 Kxg5 54. Bxc5 Kf5 55. Kd2 Rc4 56. Rc7 g5 57. Bb6 Ra4 58. Be3 Ra2+ 59. Kd3 Kg4 60. Rd7 Ra5 61. Kd4 Kf3 62. Rxd5 Rxd5+ 63. Kxd5 g4 64. Bd4 g3 65. fxg3 Kxg3 1/2-1/2


[Site "https://www.chess.com"]

[Event "Titled Tuesday Blitz December 20 Early 2022"]
[White "Abd El Fatah, Reda Fadel"]
[Black "Rud_Makarian"]
[WhiteFideId "10600752"]
[WhiteElo "2134"]
[BlackElo "2889"]
[Result "0-1"]
[Round "06"]
[TimeControl "180+2"]
[Date "2022.12.20"]
[WhiteClock "0:00:09"]
[BlackClock "0:00:19"]

1. e4 d6 2. d4 Nf6 3. Bd3 e5 4. c3 Nc6 5. Ne2 d5 6. exd5 Qxd5 7. O-O Be7 8. c4 Qd8 9. d5 Nb4 10. Ng3 O-O 11. Nc3 c6 12. Be4 cxd5 13. cxd5 Nxe4 14. Ngxe4 Bd6 15. a3 Na6 16. Be3 Bf5 17. Nxd6 Qxd6 18. Rc1 Qd7 19. b4 Rfd8 20. Qb3 Nc7 21. Rfd1 Ne8 22. Na4 Nd6 23. Nc5 Qe7 24. a4 h5 25. b5 h4 26. h3 Rac8 27. a5 Ne4 28. Nxe4 Rxc1 29. Rxc1 Bxe4 30. Rd1 a6 31. bxa6 bxa6 32. f3 Bf5 33. Qb6 Rd6 34. Qb8+ Rd8 35. d6 Qd7 36. Qb6 Rc8 37. Qxa6 Rc3 38. Bf2 e4 39. Qa8+ Kh7 40. fxe4 Bxh3 41. gxh3 Rxh3 42. e5 Ra3 43. Qg2 h3 44. Rd2 hxg2 45. Kxg2 Qc6+ 46. Kh2 Ra1 47. d7 Qh1+ 48. Kg3 Ra3+ 49. Kf4 Qh2+ 50. Ke4 Qg2+ 51. Kd4 Ra4+ 52. Kc5 Rxa5+ 53. Kb6 Ra8 54. d8=Q Rxd8 55. Rxd8 Qxf2+ 56. Kc7 Qf5 57. Kd6 Qe6+ 58. Kc7 Qxe5+ 59. Kd7 Qd5+ 60. Ke7 Qxd8+ 61. Kxf7 g5 62. Ke6 g4 63. Kf5 g3 64. Kg4 g2 65. Kh5 Qg8 66. Kh4 g1=Q 67. Kh5 Qh1# 0-1


[Site "https://www.chess.com"]

[Event "Titled Tuesday Blitz December 20 Early 2022"]
[White "Al-Kailani, Zaid"]
[Black "Martinez Ramirez, Lennis"]
[WhiteFideId "8100187"]
[BlackFideId "3509079"]
[WhiteElo "2053"]
[BlackElo "2426"]
[Result "1-0"]
[Round "06"]
[TimeControl "180+2"]
[Date "2022.12.20"]
[WhiteClock "0:02:17"]
[BlackClock "0:01:20"]

1. e4 c5 2. Nf3 d6 3. d4 cxd4 4. Nxd4 Nf6 5. Nc3 a6 6. h3 g6 7. g4 Bg7 8. Bg2 h5 9. g5 Nfd7 10. Be3 Nc6 11. Nxc6 bxc6 12. Bd4 Bxd4 13. Qxd4 e5 14. Qxd6 Qxg5 15. O-O Qf6 16. Qxf6 Nxf6 17. f4 Be6 18. f5 Bc4 19. Rfd1 Rd8 20. b3 Bb5 21. a4 Kf8 22. Rxd8+ 1-0


[Site "https://www.chess.com"]

[Event "Titled Tuesday Blitz December 20 Early 2022"]
[White "Albano, Marco"]
[Black "Devallee, Jeremie"]
[WhiteFideId "801178"]
[BlackFideId "665240"]
[WhiteElo "2291"]
[BlackElo "2204"]
[Result "0-1"]
[Round "06"]
[TimeControl "180+2"]
[Date "2022.12.20"]
[WhiteClock "0:00:01"]
[BlackClock "0:00:09"]

1. e4 c6 2. d4 d5 3. exd5 cxd5 4. Nf3 Nf6 5. Bb5+ Bd7 6. Bxd7+ Nbxd7 7. O-O g6 8. c3 Bg7 9. Re1 O-O 10. Bg5 e6 11. Ne5 Qc7 12. Nd2 Nxe5 13. dxe5 Nd7 14. Be7 Nxe5 15. Bxf8 Rxf8 16. Nf3 Nc6 17. Qd3 Rd8 18. Rad1 Qb6 19. b3 Bf6 20. g3 Kg7 21. Kg2 a6 22. h4 Ne7 23. h5 Nf5 24. hxg6 hxg6 25. c4 d4 26. Rh1 Qc6 27. Kg1 e5 28. Nd2 Nd6 29. Re1 Re8 30. Ne4 Nxe4 31. Rxe4 Kg8 32. Rg4 Bg7 33. Qe4 Qxe4 34. Rxe4 f5 35. Re1 e4 36. Kg2 Kf7 37. f3 e3 38. Rd1 e2 39. Rb1 d3 0-1


[Site "https://www.chess.com"]

[Event "Titled Tuesday Blitz December 20 Early 2022"]
[White "AldokhinIvan"]
[Black "ChessFanNM"]
[WhiteElo "2572"]
[BlackElo "2395"]
[Result "1/2-1/2"]
[Round "06"]
[TimeControl "180+2"]
[Date "2022.12.20"]
[WhiteClock "0:00:13"]
[BlackClock "0:00:38"]

1. e4 c6 2. Nc3 d5 3. d4 dxe4 4. Nxe4 Nf6 5. Nxf6+ exf6 6. c3 Bd6 7. Bd3 Na6 8. Ne2 Nc7 9. Qc2 h5 10. O-O Nd5 11. a3 O-O 12. c4 Ne7 13. Be3 a5 14. Rad1 Re8 15. h4 Bg4 16. f3 Bd7 17. Nf4 Nd5 18. Nxd5 cxd5 19. Bf2 dxc4 20. Bxc4 Rc8 21. Qb3 Re7 22. Rfe1 b5 23. Bxb5 Rb8 24. a4 Bb4 25. Rxe7 Bxe7 26. d5 Bd6 27. Qc4 Rc8 28. Qd3 g6 29. Re1 Kg7 30. Rd1 Bf5 31. Qe2 Rc2 32. Rd2 Rc1+ 33. Rd1 Rc2 34. Rd2 Rc1+ 35. Rd1 Rc2 1/2-1/2


[Site "https://www.chess.com"]

[Event "Titled Tuesday Blitz December 20 Early 2022"]
[White "Alex_Sahakyan2006"]
[Black "Benecke, Torsten"]
[BlackFideId "16240995"]
[WhiteElo "2611"]
[BlackElo "1988"]
[Result "1-0"]
[Round "06"]
[TimeControl "180+2"]
[Date "2022.12.20"]
[WhiteClock "0:01:25"]
[BlackClock "0:01:05"]

1. c4 e5 2. Nc3 Nf6 3. g3 d5 4. cxd5 Nxd5 5. Bg2 Nb6 6. a3 Be7 7. b4 O-O 8. Nf3 Be6 9. Nxe5 c6 10. O-O a5 11. b5 cxb5 12. Bxb7 Ra7 13. Bg2 Bd7 14. Nxd7 Qxd7 15. Rb1 b4 16. axb4 axb4 17. d3 Rc8 18. Be3 bxc3 19. Rxb6 c2 20. Qd2 Rac7 21. Rc1 Ba3 22. Qa5 Ra7 23. Qe5 Bxc1 24. Bxc1 Nc6 25. Bxc6 Rxc6 26. Rxc6 1-0


[Site "https://www.chess.com"]

[Event "Titled Tuesday Blitz December 20 Early 2022"]
[White "Alexander_Donchenko"]
[Black "Bensenousi, Isk"]
[BlackFideId "4206010"]
[WhiteElo "2812"]
[BlackElo "2041"]
[Result "1-0"]
[Round "06"]
[TimeControl "180+2"]
[Date "2022.12.20"]
[WhiteClock "0:01:14"]
[BlackClock "0:00:03"]

1. d4 Nf6 2. Nf3 d5 3. Bf4 e6 4. e3 Bd6 5. Ne5 O-O 6. Nd2 Qe7 7. Bd3 Nc6 8. c3 Nd7 9. Nxc6 bxc6 10. Bg3 e5 11. Qc2 h6 12. O-O-O c5 13. dxe5 Nxe5 14. Nf3 Nxd3+ 15. Qxd3 Be6 16. Kb1 a5 17. Ka1 a4 18. a3 c4 19. Bxd6 Qxd6 20. Qc2 Rfb8 21. e4 Rb3 22. Nd4 c5 23. Nxb3 axb3 24. Qc1 d4 25. f4 Bg4 26. cxd4 cxd4 27. Qxc4 Bxd1 28. Rxd1 Rxa3+ 29. Kb1 Ra8 30. Qd5 Qa6 31. Qxb3 Qa1+ 32. Kc2 Rc8+ 33. Kd2 Qa5+ 34. Ke2 Qh5+ 35. Qf3 Qb5+ 36. Qd3 Rc2+ 37. Rd2 Rxd2+ 38. Kxd2 Qxb2+ 39. Qc2 Qb4+ 40. Kd3 g6 41. g3 h5 42. f5 gxf5 43. exf5 Qd6 44. Qc8+ Kg7 45. Qc4 f6 46. Qxd4 Qc6 47. Qe4 Qb5+ 48. Ke3 Qf1 49. Qe7+ Kg8 50. Qe8+ Kg7 51. Qg6+ Kf8 52. Qxf6+ Kg8 53. Qg6+ 1-0


[Site "https://www.chess.com"]

[Event "Titled Tuesday Blitz December 20 Early 2022"]
[White "Alibaev, Akbar"]
[Black "JaloliddinIlkhomi"]
[WhiteFideId "14200325"]
[WhiteElo "2295"]
[BlackElo "2533"]
[Result "1-0"]
[Round "06"]
[TimeControl "180+2"]
[Date "2022.12.20"]
[WhiteClock "0:01:07"]
[BlackClock "0:00:10"]

1. e4 e6 2. d4 d5 3. e5 c5 4. c3 Nc6 5. Nf3 Bd7 6. Be2 Rc8 7. O-O cxd4 8. cxd4 Nge7 9. Nc3 a6 10. Bd3 Ng6 11. g3 Nge7 12. h4 b5 13. h5 h6 14. Kg2 Qb6 15. Be3 Qb7 16. Rc1 Na5 17. b3 Nf5 18. Bd2 Bb4 19. Ne2 Bxd2 20. Qxd2 Nc6 21. Rc5 Qb6 22. Rfc1 Nce7 23. g4 Rxc5 24. dxc5 Qc7 25. gxf5 Nxf5 26. Bxf5 exf5 27. Nf4 O-O 28. Nxd5 Qb7 29. c6 Bxc6 30. Rxc6 Rd8 31. Rd6 1-0


[Site "https://www.chess.com"]

[Event "Titled Tuesday Blitz December 20 Early 2022"]
[White "AnaKuchava"]
[Black "Zozik, S. Mohammed"]
[BlackFideId "4803280"]
[WhiteElo "2212"]
[BlackElo "2116"]
[Result "1-0"]
[Round "06"]
[TimeControl "180+2"]
[Date "2022.12.20"]
[WhiteClock "0:00:16"]
[BlackClock "0:00:14"]

1. d4 d5 2. Nf3 c6 3. c4 Nf6 4. Qb3 e6 5. Bg5 Nbd7 6. e3 Qb6 7. c5 Qd8 8. Nc3 b6 9. Qa4 Bb7 10. b4 b5 11. Qb3 Be7 12. Bd3 a5 13. O-O axb4 14. Qxb4 Qa5 15. Qxa5 Rxa5 16. Rfb1 O-O 17. a4 Rfa8 18. Nd2 Bc8 19. Nb3 R5a7 20. axb5 Rxa1 21. Rxa1 Rxa1+ 22. Nxa1 cxb5 23. Bxb5 h6 24. Bf4 g5 25. Bg3 Nh5 26. Bc7 f5 27. f3 Kf7 28. Nb3 Nhf6 29. c6 Nf8 30. Na4 Ne8 31. Bb8 Bd6 32. Ba7 Nc7 33. Bd3 Ke7 34. Nb6 Kd8 35. Na5 Ba6 36. Nb7+ Ke7 37. Nc8+ Kf6 38. Bxa6 Nxa6 39. Ncxd6 Ke7 40. Nb5 Nd7 41. c7 Nxc7 42. Nxc7 1-0


[Site "https://www.chess.com"]

[Event "Titled Tuesday Blitz December 20 Early 2022"]
[White "Andrii_Prydun"]
[Black "lemayvega"]
[WhiteElo "2387"]
[BlackElo "2529"]
[Result "1-0"]
[Round "06"]
[TimeControl "180+2"]
[Date "2022.12.20"]
[WhiteClock "0:00:11"]
[BlackClock "0:00:10"]

1. e4 c5 2. Nf3 Nc6 3. g3 g6 4. Bg2 Bg7 5. O-O d6 6. c4 Nf6 7. Nc3 Bg4 8. d3 Qd7 9. Be3 O-O 10. Qd2 Rfb8 11. a4 b6 12. Ng5 Qc8 13. h3 Bd7 14. Kh2 a6 15. f4 Nd4 16. Bxd4 cxd4 17. Ne2 b5 18. axb5 axb5 19. b3 Rxa1 20. Rxa1 bxc4 21. bxc4 Ne8 22. Nf3 e5 23. Qc2 Nc7 24. Rb1 Ne6 25. f5 Nc5 26. g4 Rxb1 27. Qxb1 Qa8 28. Ng3 Qa3 29. Bf1 Qb3 30. Qxb3 Nxb3 31. g5 h6 32. f6 Bf8 33. h4 Nc5 34. Kg2 Ba4 35. Kf2 Bc2 36. Ne1 Bb1 37. Ke2 hxg5 38. hxg5 Ne6 39. Nf3 Nf4+ 40. Kd2 Kh7 41. Nh1 Kg8 42. Nf2 Kh7 43. Kc1 Bxd3 44. Bxd3 Kg8 45. Kd2 Kh7 46. Bc2 Kg8 47. Nd3 Ng2 48. Nb4 Ne3 49. Nd5 Nxc4+ 50. Ke2 Ne3 51. Bb3 Nxd5 52. Bxd5 Kh7 53. Bxf7 d5 54. Bxd5 Bd6 55. Kd3 Kh8 56. Bb3 Kh7 57. Bc4 Kh8 58. Kc2 Kh7 59. Ne1 Bb4 60. Nd3 Bd6 61. Kb3 Kh8 62. Ka4 Kh7 63. Kb5 Kh8 64. Kc6 Bb8 65. Kd7 Kh7 66. Ke8 Bd6 67. f7 Kg7 68. f8=Q+ Bxf8 69. Nxe5 Bb4 70. Nd3 Bd2 71. Nc5 Bxg5 72. Ne6+ Kf6 73. Nxg5 Kxg5 74. e5 Kf5 75. e6 d3 76. e7 d2 77. Bb3 g5 78. Kf8 g4 79. e8=Q Kf4 80. Qe2 g3 81. Bd5 g2 82. Qxd2+ Kg3 83. Qxg2+ Kf4 84. Ke7 Ke5 85. Qg4 Kxd5 86. Qf4 Kc5 87. Qe4 Kb6 88. Qd5 Kc7 89. Qd6+ Kb7 90. Qc5 Ka6 91. Qb4 Ka7 92. Qb5 Ka8 93. Kd7 Ka7 94. Kc7 Ka8 95. Qa5# 1-0


[Site "https://www.chess.com"]

[Event "Titled Tuesday Blitz December 20 Early 2022"]
[White "Aradhya, Garg"]
[Black "stollenmonster"]
[WhiteFideId "25006746"]
[WhiteElo "2284"]
[BlackElo "2932"]
[Result "0-1"]
[Round "06"]
[TimeControl "180+2"]
[Date "2022.12.20"]
[WhiteClock "0:00:16"]
[BlackClock "0:00:29"]

1. d4 Nf6 2. c4 e6 3. Nc3 d5 4. cxd5 Nxd5 5. e4 Nxc3 6. bxc3 b6 7. Qg4 Bb7 8. Nf3 Nd7 9. Bd3 a6 10. Bg5 Nf6 11. Qf4 h6 12. Bxf6 gxf6 13. O-O Rg8 14. g3 h5 15. Rfe1 Rg4 16. Qe3 Qd7 17. a4 Be7 18. Qh6 O-O-O 19. Qxh5 Rg7 20. a5 b5 21. c4 bxc4 22. Bxc4 f5 23. exf5 Qc6 24. Be2 Bf6 25. fxe6 fxe6 26. Rac1 Qd5 27. Qxd5 Rxd5 28. Rc5 Rd6 29. Ne5 Rxd4 30. Bc4 Rd6 31. Bb3 Bd5 32. Bxd5 Rxd5 33. Rxd5 exd5 34. Nc6 Bc3 35. Rc1 d4 36. Rd1 Rd7 37. Kf1 Kb7 38. Ne5 Rd5 39. Rb1+ Kc8 40. Nc6 Rc5 41. Na7+ Kd7 42. Ke2 Bxa5 43. Rb7 Bb6 44. Kd3 Rh5 45. h4 Rh8 46. f4 Ra8 47. h5 Bxa7 48. h6 Bb6 49. h7 Rh8 50. g4 Kc8 51. g5 Rxh7 52. g6 Rh3+ 53. Ke4 Kxb7 54. f5 Rg3 55. Kf4 Rg1 56. Ke4 Bc5 57. Kd5 Be7 58. Ke6 Bh4 59. Kf7 d3 60. g7 Rxg7+ 61. Kxg7 d2 62. f6 Bxf6+ 63. Kxf6 d1=Q 64. Ke5 c5 65. Kf5 c4 66. Ke4 c3 67. Ke3 c2 68. Ke4 c1=Q 69. Ke5 a5 70. Kf5 a4 71. Ke4 a3 72. Ke5 a2 73. Kf5 a1=Q 74. Ke4 Qe2+ 75. Kf5 Qc5+ 76. Kf4 Qf6+ 77. Kg3 Qef3+ 78. Kh2 Qh4# 0-1


[Site "https://www.chess.com"]

[Event "Titled Tuesday Blitz December 20 Early 2022"]
[White "Artem_0degov"]
[Black "Lion-Al-Messi"]
[WhiteElo "2661"]
[BlackElo "2520"]
[Result "1-0"]
[Round "06"]
[TimeControl "180+2"]
[Date "2022.12.20"]
[WhiteClock "0:00:08"]
[BlackClock "0:00:07"]

1. d4 Nf6 2. c4 g6 3. Nc3 d5 4. cxd5 Nxd5 5. e4 Nxc3 6. bxc3 Bg7 7. Bc4 c5 8. Ne2 O-O 9. O-O Nc6 10. Be3 b6 11. dxc5 Qc7 12. Nd4 Ne5 13. Nb5 Qb8 14. Be2 bxc5 15. Rb1 a6 16. Nd4 Qc7 17. Nb3 c4 18. Nd4 h5 19. h3 Bd7 20. f4 Nc6 21. e5 Rad8 22. Qc1 h4 23. Qa3 Nxd4 24. Bxd4 Bc6 25. Bf3 Bxf3 26. Rxf3 Qc6 27. Rb6 Qe4 28. Qxa6 Bh6 29. f5 Rxd4 30. cxd4 Qxd4+ 31. Kh1 Qa1+ 32. Kh2 Qxe5+ 33. Kh1 Qe1+ 34. Kh2 Rd8 35. Qb5 Bf4+ 36. Rxf4 Qg3+ 37. Kg1 Qxf4 38. Qb1 Qe3+ 39. Kh2 Qe5+ 40. Kh1 Qe2 41. Rb8 Rxb8 42. Qxb8+ Kg7 43. Qb1 gxf5 44. Qxf5 Qe1+ 45. Kh2 Qg3+ 46. Kh1 e6 47. Qc5 c3 48. a4 Qe1+ 49. Kh2 Qg3+ 50. Kh1 Qd3 51. a5 c2 52. Qg5+ Kf8 53. Qc5+ Ke8 54. Qc8+ Ke7 55. Qc7+ Kf6 56. Qf4+ Qf5 57. Qd4+ Kg6 58. Qc4 Qf2 59. Qd3+ Kf6 60. Qc3+ Kf5 61. Qd3+ Ke5 62. Qc3+ Ke4 63. Qc4+ Ke3 64. Qc5+ Ke2 65. Qxc2+ Kf1 66. Qxf2+ Kxf2 67. a6 e5 68. a7 e4 69. a8=Q e3 70. Qf3+ Ke1 71. Qxe3+ Kf1 72. Qf4+ Ke2 73. Qxf7 1-0


[Site "https://www.chess.com"]

[Event "Titled Tuesday Blitz December 20 Early 2022"]
[White "AsaHoffmann"]
[Black "IngOscarArdila"]
[WhiteElo "2376"]
[BlackElo "2196"]
[Result "1-0"]
[Round "06"]
[TimeControl "180+2"]
[Date "2022.12.20"]
[WhiteClock "0:01:56"]
[BlackClock "0:01:15"]

1. d4 Nf6 2. Bg5 e6 3. Nd2 Be7 4. e3 d6 5. Bd3 O-O 6. f4 Nbd7 7. Ngf3 Nd5 8. Qe2 Bxg5 9. Nxg5 h6 10. Ngf3 f5 11. a3 N7f6 12. c4 Ne7 13. O-O-O c5 14. e4 Qc7 15. d5 fxe4 16. Nxe4 exd5 17. Nxf6+ Rxf6 18. cxd5 Bf5 19. Bc4 Re8 20. Rhe1 Rff8 21. Nh4 Qd7 22. Bb5 Nc6 23. dxc6 Rxe2 24. cxd7 Rxe1 25. Rxe1 a6 26. Nxf5 axb5 27. Re8 1-0


[Site "https://www.chess.com"]

[Event "Titled Tuesday Blitz December 20 Early 2022"]
[White "AttractiveChess"]
[Black "Fera, Aryanti"]
[BlackFideId "7118988"]
[WhiteElo "2784"]
[BlackElo "1770"]
[Result "0-1"]
[Round "06"]
[TimeControl "180+2"]
[Date "2022.12.20"]
[WhiteClock "0:00:28"]
[BlackClock "0:00:03"]

1. Nf3 c5 2. c4 Nc6 3. b3 e5 4. Bb2 e4 5. Ng1 Nf6 6. Nc3 Bd6 7. Qb1 Be5 8. e3 O-O 9. Nge2 Re8 10. Ng3 h5 11. d3 Qa5 12. Qc1 d5 13. cxd5 Nxd5 14. Nxe4 f5 15. Kd1 fxe4 16. Nxd5 Bg4+ 17. Be2 Bxe2+ 18. Kxe2 exd3+ 19. Kf1 Bxb2 20. Qxb2 Rad8 21. Nf4 d2 22. Rd1 Qa6+ 23. Kg1 Ne5 24. Rxd2 g5 25. Nd5 Nd3 26. Nf6+ Kf7 27. Qb1 Kxf6 28. h3 Qd6 29. g4 h4 30. Qa1+ Qe5 31. Qb1 Nb4 32. Rxd8 Rxd8 33. Qh7 Rd1+ 34. Kg2 Rxh1 35. Kxh1 Qd5+ 36. Kg1 Qd1+ 37. Kg2 Qd5+ 38. Kg1 Ke6 39. Qc7 Nd3 40. Qc8+ Kd6 41. Qb8+ Kc6 42. Qxa7 Ne5 43. Qa4+ Kc7 44. Qa5+ Kb8 45. Qc3 Nf3+ 46. Kf1 Nd2+ 47. Kg1 Ne4 48. Qh8+ Ka7 49. Qb2 Qd2 50. Qxd2 Nxd2 51. f4 b5 52. Kf2 c4 53. Ke2 Ne4 54. Kf3 c3 0-1


[Site "https://www.chess.com"]

[Event "Titled Tuesday Blitz December 20 Early 2022"]
[White "AvitalBor"]
[Black "Toh, Terry"]
[BlackFideId "5800323"]
[WhiteElo "2816"]
[BlackElo "2394"]
[Result "1-0"]
[Round "06"]
[TimeControl "180+2"]
[Date "2022.12.20"]
[WhiteClock "0:00:28"]
[BlackClock "0:00:33"]

1. d4 Nf6 2. Nc3 d5 3. Bf4 c5 4. e3 cxd4 5. Nb5 Qa5+ 6. c3 Na6 7. exd4 Bd7 8. a4 g6 9. Nf3 Bg7 10. Ne5 O-O 11. Be2 Be6 12. O-O Qd8 13. a5 Nb8 14. h3 Nbd7 15. a6 bxa6 16. Nc6 Qb6 17. Nxe7+ Kh8 18. Nc7 Rab8 19. Rxa6 Qxb2 20. Nxe6 fxe6 21. Bxb8 Nxb8 22. Rxe6 Ne4 23. Nxd5 Nxc3 24. Nxc3 Qxc3 25. d5 Nd7 26. Re7 Nc5 27. d6 Bd4 28. d7 Rxf2 29. Rxf2 Bxf2+ 30. Kxf2 Qf6+ 31. Kg1 Qxe7 32. d8=Q+ Qxd8 33. Qxd8+ 1-0


[Site "https://www.chess.com"]